 Dungeon Sprint DCSS version 0.22.1-6-g1668fe2 (webtiles) character file.

240 doot the Destroyer (level 6, -5/51 HPs)
             Began as a Tengu Conjurer on Jan 24, 2019.
             Was an Initiate of Vehumet.
             Slain by a draconian (8 damage)
             ... in the Dungeon (Sprint V: "Ziggurat Sprint").
             The game lasted 00:01:28 (242 turns).

doot the Destroyer (Tengu Conjurer)                  Turns: 242, Time: 00:01:29

Health: -5/51      AC: 17    Str: 13    XL:     6   Next: 8%
Magic:  18/18      EV:  0    Int: 21    God:    Vehumet [......]
Gold:   0          SH:  0    Dex: 29    Spells: 10/11 levels left

rFire    + . .     SeeInvis .   G - +6 Majin-Bo {vamp, Archmagi MP+6 Int+6}
rCold    + . .     Gourm    .   (shield currently unavailable)
rNeg     . . .     Faith    .   H - +5 gold dragon scales
rPois    +         Spirit   .   (helmet restricted)
rElec    .         Reflect  .   (no cloak)
rCorr    .         Harm     .   (no gloves)
MR       .....     NoTele   +   (boots unavailable)
Stlth    ..........             (no amulet)
HPRegen  0.17/turn              v - +6 ring of dexterity
MPRegen  0.16/turn              w - +6 ring of dexterity

@: berserking, lethally poisoned (-5 -> -22), very quick
A: beak, talons 3, able to fly 1
a: Fly, Renounce Religion


You were in the Dungeon.
You worshipped Vehumet.
Vehumet was noncommittal.
You were not hungry.

You visited 1 branch

Inventory:

Hand Weapons
 G - the +6 Majin-Bo (weapon) {vamp, Archmagi MP+6 Int+6}
   (You found it in the Dungeon)

   It inflicts no extra harm, but heals its wielder when it wounds a living foe.
   It affects your intelligence (+6).
   It affects your magic capacity (+6).
Armour
 a - a +0 robe
 H - +5 gold dragon scales (worn)
Magical Staves
 E - an uncursed staff of energy
Jewellery
 v - a +6 ring of dexterity (left hand)
 w - a +6 ring of dexterity (right hand)
 x - a +6 ring of intelligence
 y - a +6 ring of intelligence
 z - a +6 ring of strength
 A - a +6 ring of strength
Wands
 B - a wand of disintegration (7)
 C - a wand of iceblast (7)
 D - a wand of acid (7)
Scrolls
 i - 4 scrolls of blinking
 o - 4 scrolls of amnesia
 p - 7 scrolls of fog
 q - a scroll of holy word
 r - 5 scrolls of identify
 s - 5 scrolls of remove curse
 t - 2 scrolls of fear
 I - a scroll of brand weapon
Potions
 b - 2 potions of brilliance
 d - 10 potions of curing
 e - 10 potions of heal wounds
 f - 6 potions of haste
 g - 7 potions of magic
 h - 2 potions of berserk rage
 j - 2 potions of invisibility
 k - 4 potions of resistance
 l - a potion of experience
 m - 5 potions of agility
 n - 5 potions of might
Miscellaneous
 u - a lightning rod (4/4)
 F - a crystal ball of energy
Comestibles
 c - 6 rations


   Skills:
 + Level 1.2 Fighting
 + Level 3.6 Staves
 + Level 4.1 Dodging
 + Level 3.7 Stealth
 + Level 3.3 Spellcasting
 + Level 13.5 Conjurations


You had 10 spell levels left.
You knew the following spells:

 Your Spells              Type           Power        Failure   Level  Hunger
a - Magic Dart            Conj           ####         95%         1    None

Your spell library contained the following spells:

 Spells                   Type           Power        Failure   Level  Hunger
 Searing Ray              Conj           ######       99%         2    ##.....
 Dazzling Spray           Conj/Hex       #####.       100%        3    ###....
 Force Lance              Conj/Tloc      #####...     100%        4    ####...
 Fulminant Prism          Conj/Hex       #####.....   100%        4    ####...
 Iskenderun's Mystic Bla  Conj           ######..     100%        4    ####...


Dungeon Overview and Level Annotations

Branches:
Dungeon (1/1)

Altars:
Ashenzari
Cheibriados
Dithmenos
Elyvilon
Fedhas
Gozag
Hepliaklqana
Kikubaaqudgha
Makhleb
Nemelex Xobeh
Okawaru
Qazlal
Ru
Sif Muna
Trog
Uskayaw
Vehumet
Wu Jian
Xom
Yredelemnul
Zin
The Shining One
Beogh
Jiyva
Lugonu

Annotations:
D 1 transporter


Innate Abilities, Weirdness & Mutations

You have a beak for a mouth.
You have claws for feet.
You can fly.


Message History

You claw the draconian!
The draconian is moderately wounded.
* * * LOW HITPOINT WARNING * * *
You feel sick.
The draconian hits you but does no damage. x3
You are more poisoned.
You hit the draconian.
You feel better.
Your kick misses the draconian. You peck the draconian!
The draconian is heavily wounded.
* * * LOW HITPOINT WARNING * * *
You feel sick. The draconian hits you.
* * * LOW HITPOINT WARNING * * *
The draconian hits you but does no damage.
The draconian completely misses you.
Unknown command.
You hit the draconian. You claw the draconian! Your peck misses the draconian.
The draconian is severely wounded.
* * * LOW HITPOINT WARNING * * *
You feel sick. The draconian hits you!
You die...

▓▓▓▓▓▓▓▓▓▓▓▓▓
▓.8©8.▓.8©8.▓
▓.)}}.▓.....▓
▓.....▓.|...▓
▓.....▓.....▓
▓.....▓..)..▓
▓...dd▓..©..▓
▓..©d@▓▓▓▓▓▓▓
▓▓▓▓▓▓▓


You could see 3 draconians.

Vanquished Creatures
  A spriggan (D)
  A black bear (D)
2 creatures vanquished.

Notes
Turn   | Place    | Note
-------+----------+-------------------------------------------
     0 | D        | Found the +6 Majin-Bo {vamp, Archmagi MP+6 Int+6}
     0 | D        | Found the +7 great mace "Firestarter" {inner flame, rF++}
     0 | D        | doot the Tengu Conjurer began the quest for the Orb.
     0 | D        | Reached XP level 1. HP: 10/10 MP: 4/4
     2 | D        | Found a blossoming altar of Fedhas.
     5 | D        | Found a deep blue altar of Sif Muna.
     5 | D        | Found a sacrificial altar of Ru.
     5 | D        | Found a bloodstained altar of Trog.
     5 | D        | Found a stormy altar of Qazlal.
     5 | D        | Found an iron altar of Okawaru.
     5 | D        | Found a sparkling altar of Nemelex Xobeh.
     7 | D        | Found a transporter.
     7 | D        | Found an ancient bone altar of Kikubaaqudgha.
     7 | D        | Found a viscous altar of Jiyva.
     7 | D        | Found a corrupted altar of Lugonu.
     7 | D        | Found a hazy altar of Hepliaklqana.
     7 | D        | Found a burning altar of Makhleb.
     7 | D        | Found an opulent altar of Gozag.
    32 | D        | Found the +9 heavy crossbow "Sniper" {velocity, Acc+∞ SInv}
    32 | D        | Found the +10 dark maul {crush}
    32 | D        | Found the +15 Maxwell's patent armour {-Cast -Tele rElec
                  | MR+ rCorr}
    32 | D        | Found the +18 shield of the Gong {rElec rN+ MR+ EV-5}
    32 | D        | Found the cursed +14 obsidian axe {chop, +Fly SInv *Curse}
    50 | D        | Became a worshipper of Vehumet
    81 | D        | Entered arena 2.
    81 | D        | Noticed a spriggan
    81 | D        | Noticed a black bear
    81 | D        | Found a transporter.
    86 | D        | Killed a black bear
    86 | D        | Reached skill level 1 in Staves
    86 | D        | Reached skill level 10 in Conjurations
    86 | D        | Reached XP level 2. HP: 16/16 MP: 6/6
    86 | D        | Reached XP level 3. HP: 20/20 MP: 8/8
    86 | D        | Reached XP level 4. HP: 24/24 MP: 9/9
    90 | D        | Killed a spriggan
    90 | D        | Reached skill level 1 in Fighting
    90 | D        | Reached skill level 13 in Conjurations
    90 | D        | Gained mutation: You can fly. [Tengu growth]
    90 | D        | Reached XP level 5. HP: 29/29 MP: 11/11
    90 | D        | Reached XP level 6. HP: 34/34 MP: 11/12
   231 | D        | Entered arena 3.
   231 | D        | Noticed a draconian
   231 | D        | Noticed a draconian
   231 | D        | Noticed a draconian
   231 | D        | Found a transporter.
   242 | D        | Slain by a draconian

Skill      XL: |  1  2  3  4 |
---------------+-------------+-----
Staves         | 1 3 |  3.6
Dodging        | 3 4 |  4.1
Stealth        | 3 |  3.7
Conjurations   | 10 13 | 13.5
Fighting       | 1 |  1.2
Spellcasting   | 3 |  3.3

Action                   |  1- 3 |  4- 6 || total
-------------------------+-------+-------++-------
Melee: Quarterstaff      |     4 |    11 ||    15
       Kick              |     2 |     6 ||     8
       Peck              |       |     4 ||     4
  Use: Potion            |       |     1 ||     1
  Eat: Ration            |     1 |       ||     1
Armor: Gold dragon scale |    15 |    12 ||    27
Dodge: Dodged            |       |     1 ||     1
